[Event "GCT Superbet Blitz Poland 2025"]
[Site "Warsaw"]
[Date "2025.04.29"]
[Round "5"]
[White "Aronian, Levon"]
[Black "Aravindh, Chithambaram VR."]
[Result "1/2-1/2"]
[ECO "C24"]
[WhiteElo "2747"]
[BlackElo "2749"]
[Annotator "RC"]
[PlyCount "122"]
[EventDate "2025.??.??"]
[EventType "blitz"]
[TimeControl "300+2"]

1. e4 e5 2. Nf3 Nc6 3. Bc4 Nf6 4. d3 d5 5. exd5 Nxd5 6. a4 Bg4 ({RR} 6... Be7 7. a5 O-O 8. c3 Be6 9. O-O Qd7 10. Re1 f6 11. Nbd2 Bf7 12. Ne4 b6 13. Qa4 a6 14. axb6 cxb6 15. Qd1 b5 16. Bb3 Rfd8 17. d4 exd4 18. Nxd4 Bf8 19. Nxc6 Qxc6 20. Qf3 a5 21. Be3 {Dubov,D (2710)-Madaminov,M (2494) chess.com INT 2023 ½-½ (80)}) 7. h3 $146 ({RR} 7. O-O Be7 8. Nbd2 O-O 9. c3 Qd7 10. Qe1 Bf6 11. Bxd5 Qxd5 12. Qe4 Qxe4 13. dxe4 Rad8 14. h3 Be6 15. Re1 Na5 16. b4 Nc4 17. Nxc4 Bxc4 18. Be3 a6 19. Rac1 Rfe8 20. g4 Bd3 21. Bd2 h6 {Zalomska,N (1174)-Sieber,C (1001) Willingen 2018 ½-½ (58)}) ({RR} 7. O-O Qd6 8. h3 Bh5 9. a5 {½-½ (9) Raczek,K (2428)-Willow,J (2450) Stafford ENG 2025}) 7... Bh5 8. Nc3 Bb4 9. Bd2 Bxc3 10. bxc3 O-O 11. g4 Bg6 12. Ng5 Nf4 13. h4 Qf6 14. Qf3 h5 15. gxh5 Bxh5 16. Qg3 Rae8 17. Ne4 Qh6 18. Qg5 Qg6 19. Rg1 Kh8 20. Qxg6 Bxg6 21. f3 Bh5 22. Rg3 f6 23. Rb1 b6 24. Bb5 Re6 25. Bxc6 Rxc6 26. c4 Ne6 27. Bc3 a5 28. Kf2 Nc5 29. Ra1 Nd7 30. Bd2 Nc5 31. Nxc5 Rxc5 32. Rag1 Rf7 33. Be3 Rc6 34. f4 exf4 35. Bxf4 Re6 36. Re3 Rxe3 37. Kxe3 Re7+ 38. Kd2 Be8 39. Re1 Rxe1 40. Kxe1 Bxa4 41. Bxc7 b5 42. cxb5 Bxb5 43. Bxa5 Kg8 44. Bd2 Kf7 45. c4 Ba6 46. Ke2 Ke6 47. Ke3 Kf5 48. Kd4 Kg4 49. Be1 g5 50. hxg5 fxg5 51. Kc5 Kf3 52. d4 Ke2 53. Bg3 Kd3 54. d5 Bxc4 55. d6 Be6 56. Kc6 Ke4 57. d7 Bxd7+ 58. Kxd7 Kf3 59. Be5 g4 60. Kd6 g3 61. Bxg3 Kxg3 1/2-1/2

[Event "GCT Superbet Blitz Poland 2025"]
[Site "Warsaw"]
[Date "2025.04.29"]
[Round "5"]
[White "Duda, Jan-Krzysztof"]
[Black "Topalov, Veselin"]
[Result "0-1"]
[ECO "A43"]
[WhiteElo "2739"]
[BlackElo "2717"]
[Annotator "RC"]
[PlyCount "136"]
[EventDate "2025.??.??"]
[EventType "blitz"]
[TimeControl "300+2"]

1. d4 Nf6 2. Nf3 c5 3. d5 b5 4. Bg5 g6 5. Bxf6 exf6 6. e3 b4 7. Nbd2 ({RR} 7. a3 Bg7 8. axb4 cxb4 9. Nbd2 O-O 10. Be2 f5 11. Nc4 Ba6 12. Nd4 Bxc4 13. Bxc4 Qb6 14. O-O a5 15. Qd3 d6 16. b3 Nd7 17. Ra2 Nc5 18. Qd1 Ne4 19. Qd3 Nc3 20. Raa1 Bxd4 21. exd4 Rfe8 {Kucuksari,K (2455)-Makarian,R (2537) chess.com INT 2024 0-1 (35)}) 7... Bg7 8. Nc4 ({RR} 8. d6 f5 9. Nc4 Bb7 10. Be2 O-O 11. O-O Nc6 12. a3 Re8 13. Nfd2 f4 14. Bf3 Qh4 15. Bd5 b3 16. Nxb3 Ba6 17. Nxc5 Bxc4 18. Bxc4 fxe3 19. Bxf7+ Kh8 20. Bxe8 exf2+ 21. Rxf2 Bd4 22. Nd3 Rxe8 {Duda,J (2732)-Shevchenko,K (2694) Krakow POL 2023 1-0}) 8... d6 $146 ({RR} 8... O-O 9. a3 f5 10. g3 d6 11. Bg2 Nd7 12. axb4 Nb6 13. Nfd2 cxb4 14. O-O Nxc4 15. Nxc4 a5 16. Re1 Qc7 17. Bf1 Ba6 18. b3 Bxa1 19. Qxa1 a4 20. Qd4 Bxc4 21. Bxc4 a3 22. c3 bxc3 23. Qxc3 {Llopis de Aysa,M (2023)-Alsina Leal,D (2521) Barcelona 2022 0-1 (42)}) ({RR} 8... O-O 9. a3 f5 10. g3 d6 11. Bg2 Nd7 12. axb4 Nb6 13. Nfd2 cxb4 14. O-O Nxc4 15. Nxc4 a5 16. Re1 Qc7 17. Bf1 Ba6 18. b3 Bxa1 19. Qxa1 a4 20. Qd4 Bxc4 21. Bxc4 a3 22. c3 bxc3 23. Qxc3 {Llopis de Aysa,M (2023)-Alsina Leal,D (2521) Barcelona 2022 0-1 (42)}) 9. Be2 O-O 10. O-O f5 11. a3 Nd7 12. axb4 cxb4 13. Nd4 Nb6 14. Na5 Qc7 15. Qd2 Bd7 16. Qxb4 Nxd5 17. Qd2 Nb6 18. Ra3 d5 19. Rfa1 h5 20. Rc3 Qd6 21. Rb3 Rfc8 22. c3 Qe7 23. Rba3 h4 24. h3 Bf6 25. b4 Be5 26. Nab3 Bd6 27. Rxa7 Rxa7 28. Rxa7 Qe5 29. f4 Qe8 30. Rb7 Na4 31. Bb5 Bxb5 32. Nxb5 Bf8 33. N3d4 Qe4 34. Kh2 Re8 35. Rd7 Qxe3 36. Qxe3 Rxe3 37. Rxd5 Nxc3 38. Nxc3 Rxc3 39. b5 Bh6 40. Ne2 Rc2 41. Re5 Rb2 42. Kg1 Bg7 43. Re8+ Kh7 44. Re7 Kg8 45. Re8+ Kh7 46. Re7 Bf8 47. Re5 Bd6 48. Rd5 Bc7 49. Kf1 Kg7 50. Ke1 Ba5+ 51. Kd1 Bb6 52. Ke1 Be3 53. Kd1 Kg8 54. Rd3 Bf2 55. Nc3 Bb6 56. Rd2 Rb4 57. Kc2 Ba5 58. Kd3 Rxf4 59. Ra2 Bb6 60. Ra6 Bg1 61. b6 Rb4 62. Nd5 Rd4+ 63. Kc3 Rxd5 64. b7 Bh2 65. Ra8+ Kg7 66. b8=Q Bxb8 67. Rxb8 g5 68. Rb6 f4 0-1

[Event "GCT Superbet Blitz Poland 2025"]
[Site "Warsaw"]
[Date "2025.04.29"]
[Round "5"]
[White "Fedoseev, Vladimir"]
[Black "Praggnanandhaa R"]
[Result "1/2-1/2"]
[ECO "E11"]
[WhiteElo "2739"]
[BlackElo "2758"]
[Annotator "TA"]
[PlyCount "264"]
[EventDate "2025.??.??"]
[EventType "blitz"]
[TimeControl "300+2"]

1. d4 Nf6 2. c4 e6 3. Nf3 Bb4+ 4. Nbd2 O-O 5. g3 d6 6. Bg2 Qe7 7. O-O Bxd2 8. Bxd2 ({RR} 8. Qxd2 e5 9. d5 Nbd7 10. Ne1 a5 11. e4 Nc5 12. f3 c6 13. Nd3 Nxd3 14. Qxd3 cxd5 15. exd5 Nd7 16. Be3 f5 17. b3 f4 18. gxf4 exf4 19. Bd4 Ne5 20. Qc3 Ng6 21. Rae1 Qg5 22. Kh1 Bf5 {Barria Zuniga,D (2341)-Masruri,R (2327) chess.com INT 2025 0-1 (32)}) 8... e5 9. Bg5 $146 ({RR} 9. dxe5 dxe5 10. Bc3 Nc6 11. Qc2 Qc5 12. b3 a5 13. Rad1 Re8 14. Ng5 Nb4 15. Qb1 h6 16. Ne4 Nxe4 17. Bxe4 a4 18. Rd2 axb3 19. axb3 Rb8 20. Rfd1 b5 21. Bxb4 Qxb4 22. Bc6 Rf8 23. cxb5 Be6 {Vajda,A-Steiner,L Kecskemet 1927 ½-½ (61)}) ({RR} 9. Rc1 Re8 10. Qa4 Nbd7 11. Qa3 Ne4 12. Be3 exd4 13. Bxd4 Ndf6 14. b3 Bd7 15. Rfd1 a6 16. Qb2 Rad8 17. Rd3 c5 18. Bxf6 Nxf6 19. Rcd1 Bf5 20. Re3 Qc7 21. Rxe8+ Rxe8 22. Nh4 Be6 23. Qd2 Rd8 {Gupta,A (2603)-Demidov,M (2552) Chess.com INT 2020 ½-½ (91)}) ({RR} 9. dxe5 dxe5 10. Bc3 Nc6 11. Qc2 a5 12. b3 Nd7 13. a3 f6 14. Nh4 g6 15. Bd5+ Kg7 16. Qd2 Nc5 17. Rab1 Be6 18. Qe3 Bxd5 19. cxd5 Nd8 20. Rfc1 Nd7 21. Bd2 Qd6 22. Qh6+ Kg8 23. Nxg6 hxg6 {Shefer,U (1806)-Bozanis,D (2008) Thessaloniki GRE 2023 1-0}) ({RR} 9. Qc2 Re8 10. e4 Bg4 11. d5 Bxf3 12. Bxf3 a5 13. b3 Nbd7 14. a3 Nf8 15. b4 axb4 16. axb4 Ng6 17. c5 b6 18. Be3 bxc5 19. bxc5 Reb8 20. Rfb1 Qd8 21. c6 Rxb1+ 22. Qxb1 Rxa1 23. Qxa1 Ne8 {Stefansson,V (2464)-Martinez Alcantara,J (2610) chess.com INT 2024 0-1 (38)}) 9... h6 10. Bxf6 Qxf6 11. dxe5 dxe5 12. Nd2 Qe7 13. Ne4 Na6 14. Qd5 Rd8 15. Qa5 c6 16. Rad1 Bg4 17. Nc3 Qc7 18. Qxc7 Nxc7 19. b3 Kf8 20. h3 Bf5 21. g4 Bc2 22. Rxd8+ Rxd8 23. Rc1 Rd2 24. Kf1 Bg6 25. Ke1 Rb2 26. Ra1 Ne6 27. e3 Nc5 28. Bf1 a5 29. Na4 Nxa4 30. bxa4 Ke7 31. Be2 Bb1 32. a3 Bc2 33. Bd1 (33. c5 $142) 33... Bd3 34. Rc1 e4 35. c5 Kf6 36. h4 Ke5 37. Rc3 Kd5 (37... Ba6 $17 38. Rc2 Rb1) 38. Bb3+ $1 $11 Ke5 39. f4+ (39. Bd1 $1 $11 {was the only way to keep the balance.}) 39... Kf6 $17 40. g5+ Ke7 41. Bd1 Rh2 42. gxh6 gxh6 43. h5 (43. Rb3 Ba6 (43... Rxh4 44. Rxb7+ Kf8 45. Bb3 $16) 44. Bg4) 43... Kd7 44. Bg4+ Kc7 45. Bd1 Rg2 46. Rb3 Rg1+ 47. Kd2 Rh1 (47... Bc4 $19 48. Rb1 Rh1) 48. Rb2 Rh3 49. Rb6 Rh2+ 50. Kc3 Rh1 $1 51. Bb3 Rxh5 52. Kd4 f6 $1 (52... Rf5 53. Ba2 $15) 53. Be6 Rh1 54. Rb2 Rd1 $1 55. Rh2 Bb1+ (55... b6 $17 56. cxb6+ Kxb6) 56. Kc3 $1 $11 Re1 57. Kd2 Rg1 58. Rxh6 Rg2+ 59. Kc3 Rc2+ 60. Kd4 Rd2+ 61. Kc3 $1 Re2 (61... Rc2+ $11 62. Kb3 Rxc5 63. Rxf6 Bc2+ 64. Kb2 Bxa4 65. Rf7+ Kd6) 62. Rh8 (62. Rh1 $1 $14 {should be considered.} Ba2 (62... Rxe3+ 63. Kd2 $16) 63. Bxa2 Rxa2 64. Kd4) 62... b5 (62... Rxe3+ 63. Kb2 b6 64. Rh7+ (64. Kxb1 bxc5 65. Rh3 Re2 $18) 64... Kb8 65. Kxb1 $18) (62... Rc2+ $1 $11 63. Kd4 Rd2+ 64. Kc3 Rc2+) 63. cxb6+ $14 Kb7 ({Better is} 63... Kxb6 $14 64. Rb8+ Kc5) 64. Kd4 $18 Rd2+ (64... Re1 {is a better defense.}) 65. Kc5 $18 Rc2+ {[%emt 0:00:01] [#]} 66. Kd6 $1 (66. Bc4 Ba2 67. Rh7+ Kb8 68. Rh8+ Kb7 69. Rh7+ Kb8 70. Rh8+ Kb7 $11) 66... Rc3 {[%emt 0:00:01] [#]} 67. Rc8 $2 ({Only move:} 67. Rh1 $1 $18 Bc2 68. Re1) 67... Rxe3 $2 (67... Bc2 $11 {and Black stays safe.}) 68. Rxc6 $4 (68. Rc7+ $18 Kxb6 69. Rxc6+ Ka7 70. Rc7+ Kb6 71. Rc6+) 68... Rd3+ $19 69. Bd5 Ba2 $1 70. Rc7+ Kxb6 (70... Kb8 71. Rb7+ Kc8 72. Rc7+ Kb8 73. Rb7+ Kc8 74. Rc7+ Kb8 $11) 71. Rc6+ Kb7 72. Rc4+ Kb8 $2 (72... Rxd5+ 73. Kxd5 e3 (73... Bxc4+ $2 74. Kxe4 Be6 75. f5 $19)) 73. Rxe4 $19 Bxd5 74. Re8+ $2 (74. Re7) 74... Kb7 $19 75. Kc5 f5 76. Re7+ Ka6 77. Re5 Be4 78. Re6+ Kb7 79. Re7+ Kc8 80. Kb6 Rd5 (80... Rxa3 81. Kxa5 Bc2 82. Kb5 $19) 81. Ra7 Bc2 $2 (81... Kd8 $19 {Strongly threatening ...Bf3.} 82. Rxa5 Rxa5 83. Kxa5 Kc7) 82. Rc7+ $11 (82. Rxa5 $2 {too greedy.} Rxa5 83. Kxa5 Kc7 $19) 82... Kd8 83. Rxc2 Kd7 84. Rc5 Rd4 85. Rxf5 Rxa4 86. Rd5+ Ke6 87. Rxa5 Rxf4 88. a4 Kd7 89. Ra7+ Kd6 90. a5 Rb4+ 91. Ka6 Kc6 92. Rh7 Rb1 93. Ka7 Rb2 94. a6 Rb1 95. Rb7 Ra1 96. Rb2 Kc7 97. Rc2+ Kd7 98. Rc5 (98. Kb6 $5 Rb1+ $8 99. Ka7 $11) 98... Rb1 99. Rc3 Rb2 100. Rc4 Rb1 101. Rh4 Kc7 102. Rh7+ Kc8 103. Rb7 Ra1 104. Rb5 Kc7 105. Rc5+ Kd6 106. Rb5 Kc7 107. Rb4 Rc1 108. Rb7+ Kc8 109. Rb8+ Kc7 110. Rb3 Rc2 111. Ka8 Ra2 112. Rb7+ Kc8 113. Rb6 Kc7 114. Rg6 Rb2 115. Ka7 Rb1 116. Rg7+ Kc8 117. Rg3 Kc7 118. Rc3+ Kd7 119. Rc4 Rb2 120. Rh4 Kc7 121. Rh7+ Kc8 122. Rb7 Rc2 123. Rb6 Kc7 124. Rb4 Rc1 125. Rb2 Rc3 126. Ka8 Rc1 127. Rb7+ Kc8 128. a7 Rc2 129. Rb8+ Kc7 130. Rb7+ Kc8 131. Rb8+ Kc7 132. Rb7+ Kc8 1/2-1/2

[Event "GCT Superbet Blitz Poland 2025"]
[Site "Warsaw"]
[Date "2025.04.29"]
[Round "5"]
[White "Vachier-Lagrave, Maxime"]
[Black "Gavrilescu, David"]
[Result "1-0"]
[ECO "B52"]
[WhiteElo "2722"]
[BlackElo "2554"]
[Annotator "RC"]
[PlyCount "67"]
[EventDate "2025.??.??"]
[EventType "blitz"]
[TimeControl "300+2"]

1. e4 c5 2. Nf3 d6 3. Bb5+ Bd7 4. c4 Nc6 5. Nc3 g6 6. d4 cxd4 7. Nxd4 Bg7 8. Be3 Nf6 9. h3 O-O 10. O-O Rc8 ({RR} 10... a6 11. Bxc6 bxc6 12. Rc1 c5 13. Nde2 Bc6 14. f3 Nd7 15. b3 Re8 16. Qd2 Rb8 17. Bh6 Bh8 18. Rb1 Nf6 19. Nf4 Qa5 20. Rfc1 Qa3 21. Nfd5 Bxd5 22. exd5 Qa5 23. Re1 Ng4 24. Na4 Bd4+ 25. Kf1 {Carlsen,M (2876)-Mamedov,R (2645) chess24.com INT 2020 1-0 (40)}) 11. Rc1 Nxd4 $146 ({RR} 11... a6 12. Nxc6 Bxc6 13. Bxc6 Rxc6 14. b3 e6 15. Qd3 Qa5 16. Rfd1 Nd7 17. Bd4 Nc5 18. Qe3 Rfc8 19. Bxg7 Kxg7 20. e5 dxe5 21. Qxe5+ f6 22. Qe3 Rd8 23. Rxd8 Qxd8 24. Rd1 Rd6 25. Qxc5 Rxd1+ 26. Nxd1 {Stachon,M (2113)-Skacelik,P (2185) Czech Republic 2013 1-0 (38)}) ({RR} 11... a6 12. Bxc6 Bxc6 13. Nxc6 Rxc6 14. Qd3 Qa5 15. Nd5 Nxd5 16. exd5 Rc7 17. Qb3 b5 18. cxb5 Rxc1 19. Rxc1 axb5 20. Rc6 Qe1+ 21. Kh2 Qe2 22. Rc7 Qxb2 23. Qxb2 Bxb2 24. Rxe7 Ra8 25. Rb7 Be5+ 26. f4 {Wan,J (2187)-Su,J (2038) Ledyard USA 2024 ½-½ (45)}) ({RR} 11... a6 12. Bxc6 bxc6 13. c5 d5 14. e5 Ne4 15. Nxe4 dxe4 16. e6 Be8 17. Qa4 f5 18. f4 exf3 19. Nxf3 Qd3 20. Bg5 Rc7 21. Qh4 Bf6 22. Bxf6 exf6 23. Qf4 Re7 24. Rfe1 Qb5 25. Qd6 Qb7 26. Rc3 {Rapport,J (2295)-Moncayo Romero,E (2081) Germany GER 2023 1-0 (33)}) 12. Bxd4 a6 13. Bxd7 Qxd7 14. Qd3 b5 15. cxb5 axb5 16. Nxb5 Nxe4 17. Bxg7 Kxg7 18. b4 d5 19. a4 e5 20. a5 Rb8 21. Nc7 Rxb4 22. a6 Ra4 23. Rfd1 Rc8 24. Qb3 d4 25. Ne6+ fxe6 26. Rxc8 Rxa6 27. Qb8 Rc6 28. Qxe5+ Nf6 29. Rxc6 Qxc6 30. Qxd4 Kf7 31. Qa7+ Ke8 32. Qg7 e5 33. Ra1 e4 34. Ra8+ 1-0

[Event "GCT Superbet Blitz Poland 2025"]
[Site "Warsaw"]
[Date "2025.04.29"]
[Round "6"]
[White "Praggnanandhaa R"]
[Black "Duda, Jan-Krzysztof"]
[Result "0-1"]
[ECO "A45"]
[WhiteElo "2758"]
[BlackElo "2739"]
[Annotator "TA"]
[PlyCount "125"]
[EventDate "2025.??.??"]
[EventType "blitz"]
[TimeControl "300+2"]

1. d4 Nf6 2. Bf4 c5 3. d5 b5 4. e4 Nxe4 5. Qf3 Qa5+ ({RR} 5... f5 6. Nd2 Qa5 7. c3 Nf6 8. Be5 d6 9. Bxf6 exf6 10. a4 b4 11. Bb5+ Kf7 12. Nh3 bxc3 13. bxc3 g6 14. O-O Nd7 15. Qe2 Kg7 16. Nc4 Qc7 17. f4 Nb6 18. Nxb6 Qxb6 19. a5 Qc7 20. a6 {Muthaiah,A (2458)-Anton Guijarro,D (2693) Abu Dhabi UAE 2023 1-0 (47)}) 6. Nd2 $1 {[%emt 0:00:57] A45: Trompowsky Attack.} Nf6 $5 {[%emt 0:00:10][%mdl 4] Leaves trodden paths.} ({RR} 6... Nxd2 7. Bxd2 Qb6 8. a4 b4 9. Nh3 Qf6 10. Qb3 Qe5+ 11. Be2 Ba6 12. Be3 Bxe2 13. Kxe2 d6 14. Rhe1 Nd7 15. Kf1 Qxh2 16. Bf4 Qh1+ 17. Ng1 Kd8 18. Re3 Qh4 19. Bg3 Qh5 20. Rae1 Nb6 21. Bxd6 {Rosen,E (2377)-Alvarado Diaz,A (2484) chess.com INT 2025 0-1 (78)}) 7. a4 $146 (7. Ne2 $11) (7. c4 b4 8. Bd3 d6 9. Ne2 g6 10. O-O Bg7 11. Rfe1 O-O 12. a3 Na6 13. Ng3 {0-1 Cuenca Jimenez,J (2514)-Makarian,R (2525) Titled Tuesday intern op 23rd Jan Early blitz 2024 (3)}) 7... Bb7 $146 ({RR} 7... a6 8. Ne2 Bb7 9. c4 bxc4 10. Nc3 Qd8 11. Nxc4 d6 12. Be2 g6 13. a5 Bg7 14. h4 h5 15. O-O O-O 16. Rfe1 Nbd7 17. Rad1 Re8 18. Qg3 Rc8 19. Bf3 {1-0 (19) Melaa,S (2329)-Montano Vicente,G (2001) chess.com INT 2024}) ({RR} 7... a6 8. Ne2 Bb7 9. c4 bxc4 10. Nc3 Qd8 11. Nxc4 d6 12. Be2 g6 13. a5 Bg7 14. h4 h5 15. O-O O-O 16. Rfe1 Nbd7 17. Rad1 Re8 18. Qg3 Rc8 19. Bf3 {1-0 (19) Melaa,S (2329)-Montano Vicente,G (2001) chess.com INT 2024}) 8. Qg3 (8. Ra3 $1 $15) 8... Nh5 $17 9. Qf3 Nxf4 10. Qxf4 Bxd5 11. Ngf3 Qb4 (11... e6 $142 12. Bxb5 Be7) 12. Qxb4 cxb4 13. axb5 e6 14. Bc4 Bb7 15. O-O Be7 (15... a6 $17 16. bxa6 Nxa6) 16. Be2 (16. Ra4 $11 {remains equal.}) 16... O-O ({Black should try} 16... a6 $17 17. b6 O-O) 17. Ra4 Rc8 18. Bd3 Bc5 19. Rfa1 Bxf3 20. Nxf3 (20. gxf3 $15 d5 21. Nb3) 20... d5 21. Nd2 Nd7 22. Nb3 Bb6 23. Rxb4 (23. Re1 $142) 23... Ne5 $1 24. Nd4 Nxd3 25. cxd3 a5 26. Rba4 (26. bxa6 $2 Rxa6 27. Rf1 Bc5 $19) 26... Bxd4 27. Rxd4 {[%emt 0:00:01][%mdl 4096] Endgame KRR-KRR} Rab8 28. g3 Rxb5 29. Ra2 g6 30. Rda4 Rc1+ 31. Kg2 Rd1 32. R4a3 Rd2 {[%emt 0:00:06] Black is more active.} 33. Kf3 {[%emt 0:00:01] [#]} (33. Rxa5 $17 Rbxb2 (33... Rdxb2 $2 34. Kf3 $19) 34. Rxb2 Rxb2 35. Ra4) 33... d4 $2 (33... Rbxb2 34. Rxb2 Rxb2 35. Rxa5 $17) (33... Rc5 $1 $19 {is more deadly. ...Rcc2 is the strong threat.} 34. b3 Rxd3+ 35. Kg2 h5 36. Rxa5 Rxa5 37. Rxa5 Rxb3) 34. Rxa5 Rxd3+ (34... Rbxb2 $2 35. Rxb2 Rxb2 36. Re5 $19) 35. Ke2 {[%emt 0:00:00] [#]} (35. Ke4 $17 {was called for.} Rxa5 (35... Rbb3 36. R5a3 $15) 36. Rxa5) 35... Rxa5 $1 $19 36. Rxa5 {[%emt 0:00:01] KR-KR. Black is a pawn up.} Rb3 37. Ra2 e5 38. Kd1 Kg7 39. Kc1 g5 40. Ra3 Rb5 (40... Rxa3 $142 41. bxa3 Kf6) 41. Kc2 $2 (41. g4) 41... g4 42. Ra4 Kg6 43. b4 Kf5 44. Kb3 Ke4 45. Ra7 f5 46. Rxh7 (46. Ra2 $142 Kd3 47. Ra7) 46... Kf3 47. Kc4 Rb8 48. Re7 (48. Rf7 $142 Rd8 (48... Kxf2 49. Rxf5+ Kg2 50. Rxe5 $15) 49. Kd3 (49. Rxf5+ $2 {is the wrong capture.} Ke4 $19) 49... e4+ (49... Kxf2 50. Rxf5+ Kg2 51. Rxe5 $11) 50. Kd2) 48... e4 (48... Kxf2 49. Rxe5 d3 50. Kxd3 $11 (50. Rxf5+ Ke2 $19)) 49. Re5 Kxf2 50. Kxd4 Rxb4+ 51. Kc3 Ra4 52. Rxf5+ Ke3 53. Rf4 Ra2 $2 (53... Ra8 $19 54. Rxg4 Rc8+ 55. Kb3 Kd3) 54. Rxg4 $11 Rxh2 55. Rg8 $1 Rg2 56. g4 Ke2 57. g5 e3 58. g6 Ke1 59. g7 e2 60. Kc2 Rg6 61. Kd3 $2 (61. Kb3 $11) 61... Kd1 62. Rh8 Rg3+ ({Weaker is} 62... e1=R 63. g8=Q Rxg8 64. Rxg8 $11) 63. Kd4 {[%emt 0:00:05] Weighted Error Value: White=0.60/Black=0.45 Loses game: 	White=1 	--- Missed win: 	--- 	Black=2 Mistake: 	White=9 	Black=4 Inaccurate: 	White=1 	Black=2 OK: 	White=14 	Black=22 Best: 	White=2 	Black=5 Strong: 	White=1 	Black=2} 0-1

[Event "GCT Superbet Blitz Poland 2025"]
[Site "Warsaw"]
[Date "2025.04.29"]
[Round "6"]
[White "Aravindh, Chithambaram VR."]
[Black "Topalov, Veselin"]
[Result "0-1"]
[ECO "B22"]
[WhiteElo "2749"]
[BlackElo "2717"]
[Annotator "RC"]
[PlyCount "200"]
[EventDate "2025.??.??"]
[EventType "blitz"]
[TimeControl "300+2"]

1. e4 {[%emt 0:00:02] Ftacnik,Lubomir} c5 2. c3 Nf6 3. e5 Nd5 4. Bc4 Nb6 5. Bb3 d5 6. exd6 e6 7. Nf3 Bxd6 8. d4 O-O ({RR} 8... Qc7 9. Nbd2 N8d7 10. Ne4 Be7 11. dxc5 Nxc5 12. Nxc5 Bxc5 13. Qe2 O-O 14. O-O Bd7 15. Ne5 Ba4) 9. O-O Nc6 10. Re1 cxd4 ({RR} 10... Be7 11. dxc5 ({RR} 11. Be3 cxd4 12. cxd4 Nd5 13. Nc3 Nxe3 14. Rxe3 Bf6 15. Ne4 Bd7 16. Qd2 Be7 17. a3 Qa5 18. Rc3 Rad8 19. Rd1 Bc8 20. Qc1 Qb6 21. Qe3) 11... Qxd1 12. Rxd1 Bxc5 13. Bf4 Rd8 ({RR} 13... Bd7 14. Nbd2 Na5 15. Bc2 Nd5 16. Bg3 Be7 17. Ne5) 14. Rxd8+ Nxd8 15. Nbd2 Bd7 16. Rd1 Be8 ({RR} 16... Ba4 17. Ne4 ({RR} 17. Bxa4 Nxa4 18. Ne4 Nxb2) 17... Bxb3 ({RR} 17... Bf8 18. Bxa4 Nxa4 19. b3 Nb6 20. c4) 18. axb3 Be7 19. b4 ({RR} 19. c4 Nc6) 19... Nd5 20. Bg3 a6) ({RR} 16... Be7 17. Nc4) 17. h3 ({RR} 17. Nc4 Nxc4 18. Bxc4 Nc6 19. b4) 17... Be7 18. Be3 Nc6 19. Nc4 Nxc4 20. Bxc4 h6 ({RR} 20... Kf8) ({RR} 20... h5 21. Kf1) 21. Kf1 Kf8 22. Ke2 Rc8 ({RR} 22... Rb8 23. Bd3 b5 24. g4) 23. Bd3 Rd8 24. a3 b6 ({RR} 24... a6) 25. g4 {Morozevich,A (2742)-Lautier,J (2687) Wijk aan Zee 2002 CBM 087 [Ftacnik,Lubomir] 1-0 (51)} {RR} Bf6 ({RR} 25... h5 26. gxh5 f5 27. h6 Bh5 28. h7 Kf7 ({RR} 28... Bxf3+ 29. Kxf3 Ne5+ 30. Ke2 Ng6 31. Bc4) 29. Be4) ({RR} 25... Na5 26. b4 Ba4 27. Rd2 ({RR} 27. bxa5 Bxd1+) 27... Nc6) 26. h4 Ne5 27. Nxe5 Bxe5 28. f4 Bc7) 11. cxd4 Bd7 12. Nc3 Rc8 13. a3 $146 ({RR} 13. Bg5 Be7 14. Bf4 Nb4 15. Rc1 Bc6 16. Ne5 Bd5 17. Nxd5 N4xd5 18. Bg3 Rxc1 19. Qxc1 Qc8 20. Qb1 Bf6 21. h3 Qd8 22. Qe4 Ne7 23. Nxf7 Rxf7 24. Bxe6 Kf8 25. Qxh7 Ng8 26. d5 Nc8 27. d6 Nxd6 {Bardyk,A (2206)-Kochiev,I (2053) chess.com INT 2023 0-1 (77)}) ({RR} 13. Bg5 Be7 14. Bf4 Nb4 15. Rc1 Bc6 16. Ne5 Bd5 17. Nxd5 N4xd5 18. Bg3 Rxc1 19. Qxc1 Qc8 20. Qb1 Bf6 21. h3 Qd8 22. Qe4 Ne7 23. Nxf7 Rxf7 24. Bxe6 Kf8 25. Qxh7 Ng8 26. d5 Nc8 27. d6 Nxd6 {Bardyk,A (2206)-Kochiev,I (2053) chess.com INT 2023 0-1 (77)}) 13... Ne7 14. Bg5 Bc6 15. Ne5 Bxe5 16. Rxe5 Qd7 17. Qd3 Ng6 18. Ree1 Nd5 19. Qg3 Nxc3 20. bxc3 Bd5 21. Bc2 Qc7 22. Re3 Qxg3 23. Rxg3 Rc7 24. h4 Rfc8 25. h5 Nf8 26. Rc1 Rxc3 27. Rxc3 Rxc3 28. h6 Rc4 29. Bd3 Rxc1+ 30. Bxc1 Nd7 31. hxg7 Kxg7 32. f3 Nb8 33. Kf2 Nc6 34. Ke3 a6 35. g4 f6 36. Bd2 b5 37. Be1 h6 38. Bd2 Bc4 39. Be4 Bd5 40. Bd3 Ne7 41. Bb4 Kf7 42. Bd2 Bc4 43. Be4 f5 44. Bc2 Nd5+ 45. Kf2 Kg6 46. Kg3 h5 47. gxf5+ exf5 48. Kh4 Be2 49. Kg3 Kf6 50. Bb3 Bc4 51. Bc2 Ne7 52. Kh4 Kg6 53. Bg5 Nd5 54. Bd2 Ne7 55. Bg5 Nc6 56. Be3 a5 57. Kg3 Ne7 58. Bd2 a4 59. Bb4 Nd5 60. Bd2 b4 61. axb4 a3 62. Bc1 a2 63. Bb2 Nxb4 64. Ba4 f4+ 65. Kh4 Bd5 66. Be8+ Kf6 67. Bxh5 Nc2 68. Kg4 Ne1 69. Bc3 Bxf3+ 70. Kxf4 Bxh5 71. Ke3 a1=Q 72. Bxa1 Nc2+ 73. Kd2 Nxa1 74. Kc3 Bf7 75. Kb2 Nb3 76. d5 Bxd5 77. Kc3 Ke5 78. Kd3 Nc5+ 79. Ke3 Be4 80. Kd2 Kd4 81. Ke2 Nb3 82. Kf2 Nc1 83. Kg3 Nd3 84. Kg4 Ke5 85. Kg5 Bf5 86. Kh4 Kf6 87. Kg3 Be4 88. Kh4 Kg6 89. Kg4 Bd5 90. Kh4 Bf3 91. Kg3 Bd1 92. Kh4 Be2 93. Kg3 Kg5 94. Kh3 Kf4 95. Kh4 Ne5 96. Kh3 Bg4+ 97. Kg2 Nd3 98. Kg1 Kg3 99. Kf1 Bh5 100. Kg1 Be2 0-1